Map: Dusk Towers

Players

Miszu - Winner!

  • Race: Terran Terran
  • League: Grandmaster

Mix

  • Race: Zerg Zerg
  • League: Grandmaster

VOD

Have the link to the VOD?

Description

Time

  • Played on: May 28, 2016, 5:11 p.m.
  • Length: 14:30
Show
View Real Time Build Order
Export as new Build Order

Miszu Terran - Winner!

Build Orders: Reaper Expand, MMM Bio 

Get SALT Encoding   

  12  0:00  SCV  
  13  0:13  SCV  
  14  0:22  Supply Depot  
  14  0:25  SCV  
  15  0:43  SCV  
  15  0:44  Barracks  
  15  0:47  Refinery  
  16  0:55  SCV  
  17  1:07  SCV  
  18  1:20  SCV  
  19  1:32  Reaper, Orbital Command  
  20  1:42  Command Center  
  20  1:53  Supply Depot  
  20  1:57  SCV  
  21  2:09  SCV  
  21  2:10  Marine  
  23  2:18  Factory  
  23  2:21  SCV  
  24  2:33  SCV  
  24  2:35  Barracks Reactor  
  25  2:41  Command Center  
  25  2:45  SCV  
  26  2:56  Orbital Command  
  26  2:58  SCV  
  27  3:05  Barracks  
  27  3:10  SCV  
  28  3:19  Hellion, Barracks Tech Lab  
  30  3:22  Hellion, SCV  
  30  3:23  SCV  
  33  3:34  Refinery, SCV  
  33  3:35  SCV  
  33  3:39  Stimpack  
  35  3:46  Marine, SCV  
  37  3:49  SCV  
  37  3:54  Orbital Command  
  37  3:55  Factory Reactor  
  38  3:58  Barracks, SCV  
  38  4:01  SCV  
  40  4:05  Marine x3  
  43  4:10  SCV  
  43  4:12  Refinery  
  43  4:13  Engineering Bay, SCV  
  43  4:15  Engineering Bay  
  45  4:18  Refinery  
  45  4:23  Marine  
  45  4:24  SCV  
  47  4:25  Orbital Command  
  47  4:26  SCV  
  47  4:30  Marine x2  
  50  4:36  Supply Depot, SCV  
  50  4:38  SCV, Factory Reactor  
  52  4:41  Marine  
  52  4:42  Starport  
  53  4:46  Terran Infantry Weapons Level 1, Terran Infantry Armor Level 1  
  53  4:53  SCV x3  
  53  4:54  Marine  
  53  4:55  Marine  
  58  5:03  Marine x2  
  58  5:04  Marine  
  58  5:05  SCV x2  
  63  5:11  Supply Depot, SCV  
  63  5:13  Supply Depot, Marine  
  65  5:17  SCV  
  65  5:20  SCV  
  67  5:23  SCV  
  67  5:24  Barracks  
  67  5:25  Barracks  
  67  5:26  Factory Reactor  
  68  5:32  Medivac x2, SCV  
  68  5:33  SCV  
  74  5:35  SCV  
  74  5:39  Supply Depot  
  74  5:40  Combat Shields  
  75  5:44  SCV  
  75  5:45  SCV  
  75  5:47  Armory  
  75  5:48  SCV  
  78  5:50  Marauder  
  78  5:55  Supply Depot  
  78  5:56  SCV  
  81  5:57  Marine x3, SCV  
  81  6:00  Marine, SCV  
  81  6:03  Medivac  
  89  6:04  Medivac  
  89  6:08  SCV  
  89  6:09  SCV  
  89  6:10  Supply Depot  
  93  6:14  Barracks Reactor x2  
  93  6:17  SCV  
  94  6:20  Supply Depot  
  94  6:28  Marine x3, Marauder  
  95  6:33  Barracks  
  95  6:35  Barracks  
  95  6:36  Marine, Barracks  
  96  6:40  Supply Depot  
  96  6:44  Supply Depot, Terran Infantry Armor Level 2, Terran Infantry Weapons Level 2  
  96  6:46  Marine x3  
  99  6:50  Marauder  
  99  6:53  Marine x2  
  101  6:54  Marine, Medivac  
  101  6:56  Medivac  
  101  6:59  SCV x3  
  109  7:05  Supply Depot  
  109  7:07  Supply Depot  
  109  7:11  Marine, Marauder, SCV x2  
  109  7:12  Marine x6  
  120  7:23  Marine  
  120  7:29  Marine  
  120  7:30  Marine x2  
  120  7:32  Marine x4  
  120  7:33  Medivac x2, Marauder  
  126  7:41  Marine  
  126  7:44  Barracks Tech Lab x3  
  127  7:46  Supply Depot  
  127  7:47  Marine x2  
  127  7:48  Marine  
  127  7:49  Supply Depot  
  127  7:50  Marine x4  
  134  7:54  Marauder  
  135  8:01  Marine  
  135  8:03  Medivac  
  135  8:06  Marauder  
  135  8:07  Marauder x2, Concussive Shells  
  135  8:08  Marine x7  
  148  8:15  Supply Depot, Marauder  
  148  8:16  Supply Depot  
  148  8:18  Medivac  
  148  8:19  Marine  
  153  8:25  Marine  
  153  8:26  Marine  
  155  8:28  Marine, Marauder x3  
  155  8:31  Marine  
  155  8:32  Marine x2  
  165  8:36  Marine  
  165  8:37  Marine, Marauder  
  165  8:38  Supply Depot  
  165  8:39  Supply Depot  
  171  8:43  Marine  
  171  8:44  Marine  
  171  8:46  Marine  
  174  8:49  Marine x3, Marauder  
  174  8:50  Marauder  
  174  8:51  Command Center  
  181  8:56  Supply Depot  
  181  9:00  Terran Infantry Weapons Level 3, Marauder  
  181  9:03  Marine, Terran Infantry Armor Level 3  
  182  9:14  Marine x5, Marauder  
  182  9:15  Marine x4  
  193  9:20  Marine  
  193  9:21  Marine  
  195  9:28  Viking, Medivac  
  198  9:32  Marine x3  
  198  9:33  Marauder x2  
  159  9:40  Marine, Marauder  
  159  9:41  Marine x5  
  165  9:49  Marine  
  165  9:50  Marine x2  
  154  9:54  Marine x2  
  154  9:58  Marine x5  
  154  9:59  Marauder  
  152  10:01  Medivac  
  152  10:02  Marauder  
  142  10:07  Marine  
  142  10:08  Marine x2  
  142  10:12  Marauder x2  
  123  10:16  Marine x2  
  123  10:17  Marine x3  
  123  10:18  Medivac  
  123  10:19  SCV  
  123  10:20  Marauder  
  133  10:23  Marauder  
  133  10:25  Marine  
  133  10:26  Marine x2  
  138  10:33  Marine  
  138  10:34  Marine, Marauder x2  
  138  10:35  Marine x2  
  145  10:36  Marine  
  145  10:37  Medivac  
  145  10:42  Marauder  
  151  10:43  Marine x3  
  151  10:45  Marauder  
  148  10:51  Marine  
  148  10:55  Marauder x2  
  131  10:57  Marine  
  131  10:58  Marine x3  
  131  11:00  Viking  
  131  11:01  Marine x3  
  131  11:03  Marine  
  133  11:05  Marine  
  133  11:07  Viking  
  133  11:09  Marine, Planetary Fortress  
  136  11:15  Marine  
  136  11:16  Marine x4, Marauder  
  143  11:19  Marine  
  143  11:20  Marine  
  143  11:21  Marauder  
  143  11:24  Ghost Academy, Marauder  
  149  11:26  Refinery  
  149  11:27  Refinery  
  149  11:30  Medivac  
  149  11:31  Marine  
  149  11:32  Refinery x2  
  152  11:33  Marine  
  152  11:34  Marauder  
  152  11:37  Marine  
  152  11:38  Marine x3, Marauder  
  152  11:39  Marine x2  
  162  11:42  Marauder  
  162  11:45  Marine  
  162  11:46  SCV x2  
  168  11:49  Marine  
  169  11:56  Medivac  
  169  11:59  Marauder  
  169  12:00  Medivac, Marauder  
  177  12:06  Marine x9  
  177  12:07  Marine  
  185  12:20  Marine  
  185  12:21  Marauder  
  188  12:24  Marine  
  188  12:25  Marauder x2  
  188  12:26  Marine  
  193  12:36  Marine  
  193  12:37  Marine x5  
  181  12:38  Marauder  
  181  12:41  Marine  
  181  12:43  Marauder  
  181  12:44  Marine  
  191  12:46  Marine, Marauder  
  174  12:54  Marine x2  
  174  12:55  Marine  
  143  13:00  Marine x4, Marauder  
  143  13:02  Marine  
  143  13:04  Marauder  
  153  13:07  Marine  
  153  13:11  Medivac x2  
  153  13:12  Marine x3  
  160  13:23  Command Center  
  160  13:25  Marine, Marauder  
  163  13:47  Marine x5  
  163  13:48  Marine x7  
  131  14:05  Marine  
  131  14:06  Marauder x3  
Show
View Real Time Build Order
Export as new Build Order

Mix Zerg 

Build Orders: Hatch First 

Get SALT Encoding   

  12  0:01  Drone  
  13  0:12  Overlord  
  13  0:17  Drone  
  14  0:31  Drone x2  
  14  0:35  Drone  
  17  0:53  Hatchery  
  17  0:55  Drone  
  17  0:58  Drone  
  18  1:09  Extractor  
  17  1:13  Spawning Pool  
  17  1:15  Drone  
  17  1:19  Drone  
  18  1:28  Drone  
  19  1:40  Overlord  
  19  2:00  Queen  
  21  2:01  Zergling x4  
  21  2:08  Drone  
  24  2:09  Metabolic Boost, Queen  
  24  2:11  Drone  
  27  2:17  Drone  
  27  2:22  Drone  
  29  2:27  Drone  
  30  2:35  Overlord  
  30  2:38  Queen  
  30  2:42  Drone  
  33  2:48  Drone  
  33  2:50  Spore Crawler  
  32  2:51  Drone  
  32  2:58  Drone  
  35  3:00  Pneumatized Carapace  
  35  3:01  Drone  
  35  3:05  Drone  
  37  3:10  Drone x3  
  40  3:14  Drone  
  41  3:22  Hatchery  
  40  3:31  Drone x2  
  40  3:33  Overlord, Drone  
  43  3:34  Drone  
  43  3:41  Overlord  
  44  3:48  Overlord  
  44  3:52  Drone x2  
  44  3:53  Drone x3  
  49  3:58  Overlord  
  49  3:59  Drone  
  50  4:02  Evolution Chamber  
  50  4:04  Evolution Chamber  
  50  4:05  Drone x2  
  50  4:06  Extractor  
  50  4:08  Baneling Nest, Extractor  
  47  4:11  Drone  
  47  4:15  Drone x2  
  50  4:17  Drone x2  
  50  4:22  Drone  
  53  4:26  Zergling x4  
  53  4:28  Drone  
  56  4:32  Zerg Melee Weapons Level 1  
  56  4:33  Drone  
  56  4:34  Drone x2  
  56  4:37  Queen  
  61  4:41  Zerg Ground Armor Level 1  
  61  4:45  Drone x2  
  63  4:52  Drone x5  
  68  4:57  Overlord  
  68  4:58  Lair  
  68  4:59  Drone  
  69  5:01  Drone  
  69  5:02  Drone  
  69  5:04  Drone  
  72  5:13  Hatchery  
  71  5:18  Extractor, Drone x4  
  71  5:19  Drone  
  71  5:20  Extractor, Drone  
  75  5:21  Drone  
  76  5:31  Hatchery  
  76  5:34  Overlord  
  76  5:35  Zergling x6  
  78  5:37  Baneling x4  
  78  5:42  Zergling x6  
  81  5:44  Drone x2  
  81  5:47  Drone  
  81  5:49  Spore Crawler  
  83  5:51  Spore Crawler  
  83  5:52  Zergling x6, Spore Crawler  
  84  5:58  Zergling x4  
  84  5:59  Zergling x6  
  89  6:04  Overlord  
  89  6:05  Zergling x2  
  89  6:06  Zergling x4  
  89  6:07  Centrifical Hooks  
  89  6:10  Drone  
  93  6:16  Spire  
  92  6:21  Zergling x12  
  98  6:30  Baneling x2  
  98  6:33  Zergling x12  
  98  6:36  Zerg Melee Weapons Level 2  
  98  6:38  Zerg Ground Armor Level 2  
  104  6:43  Drone x5  
  104  6:44  Drone  
  104  6:46  Drone  
  110  6:52  Drone  
  110  6:59  Queen  
  110  7:01  Drone  
  113  7:02  Drone x3  
  113  7:03  Drone x2  
  113  7:05  Overlord x2  
  118  7:09  Overlord  
  118  7:15  Extractor  
  117  7:16  Infestation Pit, Drone  
  117  7:18  Queen  
  116  7:24  Zergling x26  
  117  7:31  Baneling x3  
  117  7:32  Baneling  
  117  7:34  Zergling x8  
  112  7:38  Zergling x16  
  112  7:39  Zergling x2  
  112  7:42  Zergling x6  
  118  7:59  Corruptor x5  
  118  8:00  Spore Crawler  
  118  8:04  Corruptor, Drone  
  129  8:07  Corruptor  
  131  8:14  Corruptor  
  131  8:16  Overseer  
  131  8:19  Overseer  
  133  8:22  Hive  
  133  8:23  Zerg Flyer Weapons Level 1  
  133  8:28  Spine Crawler  
  133  8:29  Baneling x6  
  133  8:30  Zergling x2, Baneling x8  
  133  8:36  Zergling x10  
  133  8:39  Zergling x6  
  141  8:47  Overlord x4  
  141  8:54  Overlord  
  141  9:03  Baneling  
  141  9:04  Baneling x11  
  141  9:07  Zergling x20  
  151  9:15  Zergling x14  
  158  9:18  Zergling x2  
  158  9:19  Zergling x6  
  158  9:21  Zergling x4  
  158  9:22  Zergling x2  
  158  9:23  Zergling x2  
  166  9:27  Baneling  
  166  9:28  Baneling x8  
  127  9:40  Zergling x24  
  127  9:42  Baneling x4  
  121  9:57  Zergling x28  
  127  10:00  Baneling  
  127  10:01  Baneling x2  
  122  10:10  Zergling x16  
  127  10:14  Zergling x2  
  127  10:15  Zergling x12  
  127  10:16  Baneling x2  
  127  10:17  Zergling x2  
  127  10:19  Zergling x4  
  137  10:25  Zergling x8  
  137  10:26  Zergling x4  
  143  10:29  Baneling x4  
  143  10:30  Baneling  
  143  10:32  Zergling x4  
  143  10:33  Zergling x4  
  147  10:37  Zergling x6  
  147  10:41  Baneling x7  
  150  10:48  Ultralisk Cavern  
  130  11:01  Zerg Melee Weapons Level 3  
  130  11:02  Adrenal Glands  
  130  11:03  Zerg Ground Armor Level 3  
  122  11:16  Hatchery  
  121  11:29  Zerg Flyer Weapons Level 2  
  121  11:32  Zergling x22  
  132  11:33  Zergling x12  
  132  11:36  Chitinous Plating  
  132  11:37  Zergling x8  
  132  11:39  Overseer  
  142  11:41  Overlord  
  142  11:42  Overseer  
  142  11:43  Overseer  
  142  11:44  Zergling x4  
  142  11:46  Zergling x2  
  145  11:49  Zergling x2  
  146  11:56  Zergling x4  
  146  11:57  Zergling x14  
  155  12:08  Zergling x22  
  150  12:13  Baneling x6  
  150  12:14  Baneling x4  
  150  12:15  Baneling  
  158  12:16  Baneling x2  
  158  12:19  Baneling  
  158  12:20  Baneling x7  
  156  12:36  Baneling x15  
  149  12:37  Zergling x14  
  149  12:38  Zergling x4  
  129  12:51  Zergling x2  
  129  12:52  Zergling x20  
  116  13:00  Zergling x2, Baneling x4  
  116  13:01  Zergling x14  
  116  13:04  Zergling x6  
  127  13:09  Zergling x2  
  127  13:10  Zergling x6  
  130  13:13  Zergling x4  
  132  13:28  Hatchery  
  132  13:29  Baneling x8  
  132  13:31  Zergling x4  
  131  13:48  Zergling x12  
  111  13:49  Zergling x12  
  117  13:56  Baneling  
Tags
 
Add a new tag
Caveats
  • Supply blocks, unpowered buildings, or Contaminate may cause inaccurate times.
  • Supply counts are checked every 10 seconds.